 Dungeon Crawl Stone Soup version 0.24.1-4-ge52af88ad5 (webtiles) character file.

Game seed: 3398338718032204025, levelgen mode: deterministic

107 nightchill the Chopper (level 4, -1/42 HPs)
             Began as a Deep Dwarf Fighter on Apr 15, 2020.
             Slain by a centaur (3 damage)
             ... on level 3 of the Dungeon.
             The game lasted 00:04:52 (2177 turns).

nightchill the Chopper (Deep Dwarf Fighter)         Turns: 2177, Time: 00:04:53

Health: -1/42      AC:  6    Str: 21    XL:     4   Next: 57%
Magic:  4/4        EV:  7    Int:  8    God:
Gold:   164        SH:  9    Dex: 12    Spells: 3/3 levels left

rFire    . . .     SeeInvis .   a - +0 war axe
rCold    . . .     Gourm    .   c - +0 shield
rNeg     . . .     Faith    .   m - +0 scale mail
rPois    .         Spirit   .   (no helmet)
rElec    .         Reflect  .   (no cloak)
rCorr    .         Harm     .   (no gloves)
MR       .....                  (no boots)
Stlth    ..........             (no amulet)
HPRegen  0.00/turn              (no ring)
MPRegen  0.09/turn              (no ring)

@: non-regenerating
A: damage resistance, heal wounds, sense surroundings 1, no regeneration
a: Heal Wounds


You were on level 3 of the Dungeon.
You were hungry.

You visited 1 branch of the dungeon, and saw 3 of its levels.

You collected 164 gold pieces.

Inventory:

Hand Weapons
 a - a +0 war axe (weapon)
 b - a +0 hunting sling
Missiles
 g - 149 stones (quivered)
Armour
 c - a +0 shield (worn)
 m - a +0 scale mail (worn)
Jewellery
 h - an uncursed ring of protection from magic {unknown}
 i - an uncursed ring of protection from fire {unknown}
Scrolls
 e - 6 scrolls of identify {unknown}
 k - 2 scrolls of remove curse {unknown}
 o - a scroll of amnesia {unknown}
 p - a scroll of fear {unknown}
 r - a scroll of magic mapping {unknown}
 s - a scroll of noise {unknown}
Potions
 d - a potion of might
 j - 2 potions of mutation {unknown}
 l - a potion of curing {unknown}
 n - 2 potions of brilliance {unknown}
 q - a potion of degeneration {unknown}
Comestibles
 f - 4 rations


   Skills:
 + Level 3.5 Fighting
 * Level 4.2 Axes
 - Level 3.6 Armour
 - Level 3.5 Shields


You had 3 spell levels left.
You didn't know any spells.
Your spell library was empty.

Dungeon Overview and Level Annotations

Branches:
Dungeon (3/15)

Altars:
Cheibriados

Annotations:
D:2 exclusion: downstairs


Innate Abilities, Weirdness & Mutations

You are resistant to damage.
You can heal yourself by infusing magical energy.
You passively map a small area around you.
You do not regenerate.


Message History

The centaur hits you but does no damage.
You slash the centaur!
The centaur is moderately wounded.
The centaur hits you but does no damage.
The centaur barely misses you.
You completely miss the centaur.
The centaur is moderately wounded.
The centaur hits you.
* * * LOW HITPOINT WARNING * * *
The centaur barely misses you.
Your shield and scale mail prevent you from hitting the centaur.
The centaur is moderately wounded.
The centaur hits you but does no damage.
The centaur hits you.
* * * LOW HITPOINT WARNING * * *
You slash the centaur!
The centaur is severely wounded.
The centaur hits you but does no damage.
The centaur hits you.
You die...

....##..#..........# ..# , ,
....#..............# ## , *
....#.####.####....# * ....#.#
.....*#....#, , #.#
....#.#[......#....###* #.#
......#.......#......# ,*,*#.#
.)........_.....(..#.# #. #.#
......#.......#.(....# # #.##.#
#####.#.......#.@#########.#.##.#
##....# )....*#..c.......#.#.##.#
......####.####..................
##...[.................#.#.#.##.#
#.........)...#######.#,#.#.##.#
#....#g.###.#########.#,#......#
#....#.).#...)........ ###.####
##....#<).#..###########.#.......
...g.####.#............#.####.###


You could see a centaur.

Vanquished Creatures
  4 adders
  An ooze (D:3)
  2 dart slugs (D:1)
  4 orcs
  3 giant cockroaches
  5 goblins
  7 hobgoblins
  A ball python (D:1)
  6 bats
  10 frilled lizards
  10 kobolds
  9 rats
62 creatures vanquished.

Notes
Turn   | Place    | Note
-------+----------+-------------------------------------------
     0 | D:1      | nightchill the Deep Dwarf Fighter began the quest for the
                  | Orb.
     0 | D:1      | Reached XP level 1. HP: 20/20 MP: 1/1
   116 | D:1      | Reached XP level 2. HP: 27/27 MP: 2/2
   552 | D:1      | Reached skill level 3 in Axes
   905 | D:2      | Reached XP level 3. HP: 24/34 MP: 3/3
  1498 | D:2      | Reached XP level 4. HP: 11/42 MP: 4/4
  1704 | D:3      | Reached skill level 4 in Axes
  1783 | D:3      | Found a snail-covered altar of Cheibriados.
  1913 | D:3      | Noticed a centaur
  2176 | D:3      | HP: 2/42 [centaur (4)]
  2177 | D:3      | Slain by a centaur

Levels and vault maps discovered:
D:1:      dpeg_arrival_round_b, layout_loops_ring
D:2:      layout_basic
D:3:      layout_basic, old_standard_altar

Skill      XL: |  1  2  3  4 |
---------------+-------------+-----
Fighting       | 3 |  3.5
Axes           | 3 4 |  4.2
Armour         | |  3.6
Shields        | |  3.5

Action                   |  1- 3 |  4- 6 || total
-------------------------+-------+-------++-------
Melee: War axe           |   159 |    53 ||   212
 Abil: Heal Wounds       |       |     1 ||     1
  Eat: Chunk             |     2 |     2 ||     4
Armor: Scale mail        |    75 |    19 ||    94
Dodge: Dodged            |    60 |    16 ||    76
Block: Shield            |    92 |    26 ||   118
